 Dungeon Crawl Stone Soup version 0.22.1-6-g1668fe2c40 (webtiles) character file.

9 Kohma the Grave Robber (level 2, 0/20 HPs)
             Began as a Ghoul Necromancer on Jan 20, 2019.
             Slain by a hobgoblin (3 damage)
             ... on level 1 of the Dungeon.
             The game lasted 00:02:43 (342 turns).

Kohma the Grave Robber (Ghoul Necromancer)           Turns: 342, Time: 00:02:44

Health: 0/20       AC:  2    Str: 11    XL:     2   Next: 12%
Magic:  0/1        EV: 12    Int: 10    God:
Gold:   25         SH:  0    Dex:  9    Spells: 2/4 levels left

rFire    . . .     SeeInvis .   h - +2 dagger (antimagic)
rCold    + . .     Gourm    .   (no shield)
rNeg     + + +     Faith    .   a - +0 robe
rPois    ∞         Spirit   .   (no helmet)
rElec    .         Reflect  .   (no cloak)
rCorr    .         Harm     .   (no gloves)
MR       .....                  (no boots)
Stlth    ++........             (no amulet)
HPRegen  0.00/turn              (no ring)
MPRegen  0.07/turn              (no ring)

@: rotting
A: rotting body, claws 1, carnivore, cold resistance 1, negative energy
resistance 3, inhibited regeneration, torment resistance, unbreathing
a: no special abilities


You were on level 1 of the Dungeon.
You were not hungry.

You visited 1 branch of the dungeon, and saw 1 of its levels.

You collected 25 gold pieces.

Inventory:

Hand Weapons
 h - a +2 antimagic dagger (weapon)
Armour
 a - a +0 robe (worn)
 d - a +0 scale mail
 i - a +0 leather armour
Jewellery
 e - an uncursed amulet of the gourmand {unknown}
Scrolls
 g - a scroll of blinking {unknown}
Potions
 b - a potion of heal wounds {unknown}
Comestibles
 c - a ration


   Skills:
 + Level 1.9 Dodging
 + Level 2.4 Stealth
 + Level 1.9 Spellcasting
 * Level 4.2 Necromancy


You had 2 spell levels left.
You knew the following spells:

 Your Spells              Type           Power        Failure   Level  Hunger
a - Pain                  Necr           #...         5%          1    ##.....
b - Animate Skeleton      Necr           N/A          5%          1    ##.....

Your spell library contained the following spells:

 Spells                   Type           Power        Failure   Level  Hunger
 Vampiric Draining        Necr           #.........   17%         3    ####...
 Regeneration             Chrm/Necr      #.........   38%         3    ####...
 Animate Dead             Necr           N/A          50%         4    #####..


Dungeon Overview and Level Annotations

Branches:
Dungeon (1/15)

Altars:


Innate Abilities, Weirdness & Mutations

Your body is rotting away.
You thrive on raw meat.
You are immune to poison.
You have sharp fingernails.
You are carnivorous and can eat meat at any time.
Your flesh is cold resistant. (rC+)
You are immune to negative energy. (rN+++)
You do not regenerate when monsters are visible.
You are immune to unholy pain and torment.
You can survive without breathing.


Message History

Confirm with . or Enter, or press ? or * to list all spells.
You don't have enough magic to cast that spell.
Unknown command.
Things that are here:
a club; a hobgoblin corpse You see here a stone.
You see here a stone.
Things that are here:
a club; a hobgoblin corpse You see here a stone.
The hobgoblin barely misses you.
You see here a stone.
All of the chunks of flesh in your inventory have rotted away.
Casting: Pain (safe; 5% risk of failure)
Confirm with . or Enter, or press ? or * to list all spells.
Aiming: Pain (safe; 5% risk of failure)
Press: ? - help, Shift-Dir - straight line, f/p - hobgoblin
Aim: a hobgoblin (moderately wounded, chance to defeat MR: 76%)
The hobgoblin barely resists.
The hobgoblin hits you.
You die...

#.#...#.).)...# #.#
#.############# #.#####
#.## #.....# #..# #######
#####.## ##.### #.....#
#......# ## #>#..#
##.....## #.###..#
.####.#.# #.^.....#
#.###..# ..#####.#
#.......# #.##...# ...##
#)# #.....@.# #.##.#.#
....+##.###.##.##g#
#.ZZZ..#
.....##..##.##.##.#
####.###
......##.##.##.##r######.#
.........##..............#
......#####....>..#.######
.....#+........##.#.#
....#######.##....#.#
####### ...## #.##.##.#.#
#.....#


You could see a hobgoblin and a rat.

Vanquished Creatures
  A giant cockroach (D:1)
  3 hobgoblins (D:1)
  2 goblins (D:1)
  A kobold (D:1)
  A rat (D:1)
8 creatures vanquished.

Notes
Turn   | Place    | Note
-------+----------+-------------------------------------------
     0 | D:1      | Kohma the Ghoul Necromancer began the quest for the Orb.
     0 | D:1      | Reached XP level 1. HP: 14/14 MP: 2/2
   113 | D:1      | Reached XP level 2. HP: 9/20 MP: 3/3
   116 | D:1      | Learned a level 1 spell: Animate Skeleton
   342 | D:1      | Slain by a hobgoblin

Action                   || total
-------------------------++-------
Melee: Unarmed           ||    31
       Dagger            ||     2
 Cast: Pain              ||     7
       Animate Skeleton  ||     2
 Stab: Sleeping          ||     2
  Eat: Chunk             ||     2
Armor: Robe              ||     3
Dodge: Dodged            ||    24
